 Dungeon Crawl Stone Soup version 0.30-a0-359-gd0147acb1a (webtiles) character file.

Game seed: 6206221550319936709

165817 ragingrage the Warrior (level 18, -9/155 HPs)
             Began as a Djinni Gladiator on Nov 12, 2022.
             Was an Elder of Ashenzari.
             Mangled by a dire elephant (37 damage)
             ... on level 1 of the Vaults.
             The game lasted 00:52:33 (34691 turns).

ragingrage the Warrior (Djinni Gladiator)          Turns: 34691, Time: 00:52:33

Health: -9/155     AC: 12    Str: 13    XL:     18   Next: 21%
Gold:   1850       EV: 17    Int: 22    God:    Ashenzari [****..] SH: 11 Dex: 12

rFire   + + +      SeeInvis +    b - +11 dagger of the Chained Augur {holy, rF+ rN+ Int+5 Dex-4, Self, Melee} (curse)
rCold   + . .      Faith    .    G - +0 kite shield of the Shackled Malaise {Fort, Self} (curse)
rNeg    + . .      Spirit   .    r - +0 ring mail of the Valley of Death {Harm rC+ Regen+}
rPois   ∞          Reflect  .    c - +0 helmet of the Cryptic Pleiades {Melee, Self} (curse)
rElec   .          Harm     +    T - +0 cloak
rCorr   .          Rampage  .    I - +2 pair of gloves of the Ensconced Portent {hurl, Evo, Self} (curse)
Will    +....      Clarity  +    (boots unavailable)
Stlth   +++++.....               E - amulet of the Gnostic Blue Moon {Regen+, Melee, Self} (curse)
HPRegen 2.05/turn                U - ring of Ashenzari's Adversity {EV+4, Self, Range} (curse)
MPRegen 0.00/turn                J - ring of protection from cold

@: flying
A: sickness immunity, fire resistance 2, cold vulnerability 1, float, innate
caster, HP casting, extra vitality 1
}: 1/15 runes: barnacled
a: Renounce Religion, Curse Item, Shatter the Chains


You were on level 1 of the Vaults.
You worshipped Ashenzari.
Ashenzari was greatly pleased with you.
You visited 6 branches of the dungeon, and saw 28 of its levels.

You collected 3302 gold pieces.
You spent 1452 gold pieces at shops.

Inventory:

Hand Weapons
 a - the +9 dagger "Impslayer" {freeze, *Noise Will+ Dex+4 Stlth+}
   (You took it off an ogre mage on level 14 of the Dungeon)

   It freezes those it strikes, dealing additional cold damage.
   It can also slow down cold-blooded creatures.
   Dex:       It affects your dexterity (+4).
   *Noise:    It may make noises in combat.
   Will:      It increases your willpower.
   Stlth:     It makes you more stealthy.
 b - the cursed +11 dagger of the Chained Augur (weapon) {holy, rF+ rN+ Int+5 Dex-4, Self, Melee}
   (You found it on level 3 of the Lair of Beasts)

   It has been blessed by the Shining One to cause great damage to the undead
   and demons.
   Int:       It affects your intelligence (+5).
   Dex:       It affects your dexterity (-4).
   rF:        It protects you from fire.
   rN:        It protects you from negative energy.
   It has a curse which improves the following skills: Introspection: Fighting
   and Spellcasting.
   Melee Combat: Short Blades, Long Blades, Axes, Maces & Flails, Polearms,
   Staves and Unarmed Combat.
 w - the +7 captain's cutlass {speed, disarm}
   (You found it on level 14 of the Dungeon)

   Attacks with this weapon are significantly faster.
   It may disarm weapon-wielding foes when striking them, dealing extra damage
   in the process.
Missiles
 d - 9 throwing nets
 e - 23 javelins
 y - 30 poisoned darts
 Q - 4 curare-tipped darts
 W - 9 silver javelins
Armour
 c - the cursed +0 helmet of the Cryptic Pleiades (worn) {Melee, Self}

   It has a curse which improves the following skills: Melee Combat: Short
   Blades, Long Blades, Axes, Maces & Flails, Polearms, Staves and Unarmed
   Combat.
   Introspection: Fighting and Spellcasting.
 r - the +0 ring mail of the Valley of Death (worn) {Harm rC+ Regen+}
   (You found it on level 11 of the Dungeon)

   rC:        It protects you from cold.
   Regen:     It increases your rate of health regeneration.
   Harm:      It increases damage dealt and taken.
 G - the cursed +0 kite shield of the Shackled Malaise (worn) {Fort, Self}
   (You found it on level 6 of the Dungeon)

   It has a curse which improves the following skills: Fortitude: Armour and
   Shields.
   Introspection: Fighting and Spellcasting.
 I - the cursed +2 pair of gloves of the Ensconced Portent (worn) {hurl, Evo, Self}
   (You found it on level 6 of the Dungeon)

   It has a curse which improves the following skills: Evocations: Evocations.
   Introspection: Fighting and Spellcasting.
 T - a +0 cloak (worn)
Jewellery
 E - the cursed amulet of the Gnostic Blue Moon (around neck) {Regen+, Melee, Self}
   (You found it on level 13 of the Dungeon)

   [amulet of regeneration]

   Regen:     It increases your rate of health regeneration.
   It has a curse which improves the following skills: Melee Combat: Short
   Blades, Long Blades, Axes, Maces & Flails, Polearms, Staves and Unarmed
   Combat.
   Introspection: Fighting and Spellcasting.
 H - a ring of protection from cold
 J - a ring of protection from cold (right hand)
 U - the cursed ring of Ashenzari's Adversity (left hand) {EV+4, Self, Range}
   (You found it on level 2 of the Lair of Beasts)

   [ring of evasion]

   EV:        It affects your evasion (+4).
   It has a curse which improves the following skills: Introspection: Fighting
   and Spellcasting.
   Ranged Combat: Ranged Weapons and Throwing.
 X - the ring "Nonecog" {*Slow rPois rN++ rCorr Dex+3}
   (You took it off a merfolk aquamancer on level 4 of the Shoals)

   [ring of resist corrosion]

   Dex:       It affects your dexterity (+3).
   rPois:     It protects you from poison.
   rN:        It greatly protects you from negative energy.
   rCorr:     It protects you from acid and corrosion.
   *Slow:     It may slow you when you take damage.
 Y - the ring of Enumyrul {Fly rPois rF+ Will+++ Str-5 Int+3}
   (You took it off a merfolk aquamancer on level 4 of the Shoals)

   [ring of flight]

   Str:       It affects your strength (-5).
   Int:       It affects your intelligence (+3).
   rF:        It protects you from fire.
   rPois:     It protects you from poison.
   Fly:       It grants you flight.
   Will:      It greatly increases your willpower.
Wands
 m - a wand of paralysis (19)
 o - a wand of roots (23)
 x - a wand of digging (10)
 B - a wand of polymorph (13)
 O - a wand of flame (61)
 Z - a wand of mindburst (12)
Scrolls
 g - 5 scrolls of fog
 k - a scroll of enchant armour
 l - 2 scrolls of blinking
 p - 2 scrolls of silence
 q - 8 scrolls of teleportation
 s - 2 scrolls of poison
 t - 3 scrolls of enchant weapon
 u - 2 scrolls of immolation
 A - 2 scrolls of summoning
 D - 6 scrolls of fear
 N - 10 scrolls of magic mapping
 P - 2 scrolls of brand weapon
Potions
 f - 5 potions of resistance
 h - a potion of brilliance
 i - 10 potions of attraction
 j - 7 potions of haste
 n - 3 potions of invisibility
 v - 4 potions of lignification
 z - a potion of ambrosia
 C - 3 potions of berserk rage
 K - a potion of heal wounds
 L - 11 potions of curing
 M - 3 potions of cancellation
 S - 4 potions of mutation
 V - 2 potions of might
Miscellaneous
 F - a tin of tremorstones (2/2)
 R - a phantom mirror


   Skills:
 + Level 15.9(22.1) Fighting
 + Level 5.2(9.2) Short Blades
 - Level 2.9(7.0) Long Blades
 - Level 1.5(2.9) Throwing
 + Level 5.4(7.3) Armour
 + Level 10.0 Dodging
 - Level 13.3 Stealth
 + Level 8.1(10.1) Shields
 * Level 15.2(21.4) Spellcasting
 + Level 8.1(10.1) Evocations


You had 29 spell levels left.
You knew the following spells:

 Your Spells              Type           Power      Damage    Failure   Level
a - Foxfire               Conj/Fire      100%       2x1d9     0%          1
b - Static Discharge      Conj/Air       100%       2-7/arc   0%          2
c - Ensorcelled Hibernat  Hex/Ice        100%       N/A       0%          2
d - Hailstorm             Conj/Ice       87%        3d17      0%          3
e - Fireball              Conj/Fire      43%        3d17      1%          5
f - Agony                 Necr           87%        N/A       1%          5
g - Death Channel         Necr           43%        N/A       1%          6
h - Simulacrum            Ice/Necr       43%        N/A       1%          6
Your spell library was empty.

Dungeon Overview and Level Annotations

Branches:
Dungeon (15/15)              Lair (5/5) D:11         Shoals (4/4) Lair:3
 Spider (1/4) Lair:2        Slime (0/5) Lair:5          Orc (2/2) D:10
    Elf (0/3) Orc:2        Vaults (1/5) D:13         Depths (0/4) D:15
 Temple: D:4-7

Altars:
Ashenzari
Cheibriados
Dithmenos
Fedhas
Ru
Uskayaw
Xom
Zin
Jiyva

Shops:
D:6 **   D:8 ?   D:15 *   Orc:2 (!([:[   Shoals:1 [

Annotations:
D:3 exclusion: downstairs
D:4 Eustachio
D:6 1 runed translucent door, Crazy Yiuf
D:7 exclusion: 4 doors
D:9 3 runed translucent doors, exclusion: downstairs, liarliar's ghost, novice MiFi
D:11 3 runed translucent doors
Shoals:1 1 runed translucent door, ytrimaz's ghost, adept FoFi
Shoals:3 exclusion: downstairs
Shoals:4 1 runed translucent door, p00ps00p's ghost, adept HOFi


Innate Abilities, Weirdness & Mutations

You are immune to sickness and miasma.
You are immune to poison.
Your flesh is very heat resistant. (rF++)
You are vulnerable to cold. (rC-)
You float through the air rather than walking.
You learn spells naturally, not from books.
Your magical power is your life essence.
You have superior vitality. (+4 MHP)


Message History

The green very ugly thing is almost dead.
The fireball engulfs the centaur warrior!!
You kill the centaur warrior!
The fireball engulfs the green very ugly thing!!
The green very ugly thing is moderately wounded.
You hear a trumpeting!
The green very ugly thing stings you!!
The green very ugly thing basks in the mutagenic energy from its kin and changes!
Aiming: Fireball (safe; 1% risk of failure)
Press: ? - help, Q - select action, (/) - cycle Shift-Dir - straight line That beam is likely to hit you.
Continue anyway?
The fireball explodes!
The fireball engulfs the dire elephant!!
The dire elephant is heavily wounded.
The fireball engulfs you. You resist.
The fireball engulfs the green very ugly thing!!!
You kill the green very ugly thing!
The fireball engulfs the white very ugly thing!!!
The white very ugly thing is severely wounded.
Aiming: Fireball (safe; 1% risk of failure)
Press: ? - help, Q - select action, (/) - cycle Shift-Dir - straight line That beam is likely to hit you.
Continue anyway?
The fireball explodes!
The fireball engulfs you. You resist.
The fireball engulfs the dire elephant!
The dire elephant is heavily wounded.
The fireball engulfs the centaur warrior!!
The centaur warrior is heavily wounded.
The fireball engulfs the white very ugly thing!!
The white very ugly thing is almost dead.
The dire elephant tramples you!!
You hold your ground!
The dire elephant trunk-slaps you but does no damage.
The centaur warrior hits you. The centaur warrior kicks you.
The white very ugly thing punches you! The white very ugly thing freezes you!!
You resist.
* * * LOW HITPOINT WARNING * * *
The centaur warrior hits you but does no damage.
The centaur warrior kicks you but does no damage.
The dire elephant tramples you!!
You die...

, , ,
, , ,
, , ,
,, *
#####
*** ,
, ,
,,,
,#...,
, , ,
* , ,,
, ,
,#...
,,*, ,
, * +
*
#.)#*
+ *,
*, ,
**,
*,,,
#..# ,
*, , *
*,#u)#
{ ,*,
*,, ,
,* ,
,*
#Yc#,
, *,,
*
*,#@u#
, , ,
*
,,,,,
,####
,, , ,
,* , *
, ,
,,, ,
* * ,
** * *
* * ,
, ,, ,
, , ,
* * ,
,, , ,
,, ,,
,, , ,
,, ,
,, , ,
, , ,
, , ,


You could see a dire elephant, a white very ugly thing, a green ugly thing and a
centaur warrior.

Vanquished Creatures
  A kraken (Shoals:2)
  Kirke (Shoals:3)
  Louise (Shoals:2)
  2 very ugly things (Vaults:1)
  2 dire elephants
  A minotaur (Shoals:1)
  9 merfolk javelineers
  8 merfolk impalers (Shoals:4)
  Josephine (D:10)
  Fannar (Lair:3)
  Harold (D:9)
  A vault guard (D:13)
  8 hydras
  An ironbound frostheart (Vaults:1)
  An ogre mage (D:14)
  4 two-headed ogres
  8 centaur warriors
  2 merfolk avatars (Shoals:4)
  5 satyrs
  An alligator snapping turtle (Shoals:2)
  3 death yaks (Lair:5)
  2 catoblepae (Lair:5)
  5 merfolk aquamancers
  5 boulder beetles
  A deep troll shaman (Lair:5)
  An orc high priest (Orc:2)
  2 tengu warriors (D:14)
  Sonja (Lair:4)
  Nergalle (D:11)
  12 sea snakes
  A steelbarb worm (Lair:2)
  A pharaoh ant (Lair:2)
  2 kraken simulacra (Shoals:4)
  A lindwurm (Lair:5)
  3 orc knights
  5 harpies
  A deep elf pyromancer (D:11)
  24 manticores
  An oklob plant (Lair:5)
  11 ugly things
  A wolf spider (Lair:2)
  22 fauns
  8 cyclopes
  11 elephants
  6 merfolk sirens
  Maurice (Orc:1)
  7 black mambas
  5 water nymphs
  12 cane toads
  3 torpor snails (Lair:1)
  A gargoyle (D:13)
  Maggie (D:6)
  An unseen horror (D:12)
  A rime drake (shapeshifter) (D:11)
  3 rime drakes
  2 freezing wraiths
  6 komodo dragons
  An efreet (D:15)
  25 merfolk
  11 trolls
  7 meliai
  6 wind drakes
  7 polar bears
  Prince Ribbit (D:7)
  A tarantella (Spider:1)
  A hornet (D:8)
  25 blink frogs
  3 slime creatures
  3 dream sheep (Shoals:3)
  10 snapping turtles
  3 jumping spiders
  3 culicivoras
  2 shadows
  9 wraiths
  7 water elementals
  2 vampires
  A basilisk (Lair:4)
  30 yaks
  6 wyverns
  5 hogs
  A steam dragon (Lair:4)
  3 redbacks
  5 vampire mosquitoes
  2 wargs
  15 water moccasins
  3 acid dragons
  30 orc warriors
  2 black bears
  3 ice beasts
  A sky beast (D:7)
  17 wolves
  3 ogres
  10 centaurs
  4 kobold brigands
  5 phantoms
  12 bullfrogs
  2 gnoll sergeants (D:11)
  2 necrophages
  3 scorpions
  12 wights
  2 troll zombies (D:10)
  10 killer bees
  A howler monkey (D:8)
  An electric eel (D:8)
  4 crimson imps (D:7)
  3 wyvern simulacra (D:8)
  2 jellies
  19 orc priests
  A gnoll bouda (D:8)
  3 hounds
  7 iguanas
  27 orc wizards
  4 ogre zombies (D:10)
  2 centaur simulacra (D:8)
  A killer bee simulacrum (D:8)
  21 gnolls
  5 adders
  2 white imps (D:8)
  An ufetubus (D:6)
  2 worms (D:2)
  A dart slug (D:1)
  90 orcs
  10 endoplasms
  4 giant cockroaches (D:1)
  8 hobgoblins
  5 quokkas
  3 training dummies (Orc:2)
  7 ball pythons
  4 bats
  2 frilled lizards
  4 goblins
  3 goblin zombies (D:10)
  A hobgoblin skeleton (D:10)
  3 hobgoblin zombies (D:10)
  25 kobolds
  An orc skeleton (D:10)
  11 orc zombies (D:10)
  3 rats
  4 tentacles
844 creatures vanquished.

Vanquished Creatures (collateral kills)
  An orc warlord (Orc:2)
  A boulder beetle (D:11)
  An orc high priest (Orc:2)
  A warg (Orc:2)
  3 orc warriors (Orc:2)
  3 orc priests
  2 orc wizards (Orc:2)
  A gnoll (D:11)
  7 orcs (Orc:2)
  2 foxfires (D:8)
22 creatures vanquished.

Vanquished Creatures (others)
  1106 foxfires
  44 fungi
  74 plants
  8 tentacles
1232 creatures vanquished.

Grand Total: 2098 creatures vanquished

Notes
Turn   | Place    | Note
-------+----------+-------------------------------------------
     0 | D:1      | ragingrage the Djinni Gladiator began the quest for the
                  | Orb.
     0 | D:1      | Reached XP level 1. HP: 18/18 MP: 0/0
   168 | D:1      | Reached XP level 2. HP: 15/23 MP: 0/0
   721 | D:1      | Reached XP level 3. HP: 29/29 MP: 0/0
   721 | D:1      | Learned a level 1 spell: Foxfire
   723 | D:1      | Reached skill level 1 in Spellcasting
   796 | D:1      | Found a faded altar of an unknown god.
  1237 | D:2      | Reached XP level 4. HP: 27/35 MP: 0/0
  2008 | D:3      | Reached XP level 5. HP: 35/40 MP: 0/0
  2008 | D:3      | Learned a level 2 spell: Static Discharge
  2617 | D:4      | Noticed a kobold brigand
  2737 | D:4      | Reached XP level 6. HP: 37/47 MP: 0/0
  3400 | D:4      | Reached skill level 5 in Fighting
  3400 | D:4      | Reached XP level 7. HP: 48/54 MP: 0/0
  3400 | D:4      | Learned a level 2 spell: Ensorcelled Hibernation
  3605 | D:4      | Noticed Eustachio
  3624 | D:5      | Entered Level 5 of the Dungeon
  4378 | D:6      | Reached XP level 8. HP: 7/61 MP: 0/0
  4816 | D:6      | Found Bessegoc's General Store.
  4850 | D:6      | Found Fojeptu's Serpentskin Sales.
  4877 | D:6      | Bought a scroll of poison for 44 gold pieces
  4898 | D:6      | Found a broken altar of Ashenzari.
  5534 | D:5      | Reached skill level 1 in Shields
  5669 | D:6      | Reached skill level 5 in Spellcasting
  5909 | D:6      | Reached XP level 9. HP: 34/68 MP: 0/0
  5909 | D:6      | Learned a level 3 spell: Hailstorm
  6078 | D:6      | Noticed Maggie
  6369 | D:6      | Found a glowing silver altar of Zin.
  6383 | D:6      | Became a worshipper of Ashenzari the Shackled
  6799 | D:6      | Killed Maggie
  7507 | D:6      | Found a runed translucent door.
  7508 | D:6      | Noticed Crazy Yiuf
  7612 | D:7      | Found a sacrificial altar of Ru.
  7733 | D:7      | Noticed Prince Ribbit
  7748 | D:7      | Killed Prince Ribbit
  7953 | D:7      | Noticed a boulder beetle
  8424 | D:7      | Found a shimmering altar of Xom.
  8453 | D:7      | Reached XP level 10. HP: 41/78 MP: 0/0
  9773 | D:8      | Found a blossoming altar of Fedhas.
 10184 | D:8      | Paralysed by a centaur for 2 turns
 10312 | D:8      | Reached skill level 10 in Fighting
 10777 | D:8      | Found Boyqoeh's Magic Scroll Emporium.
 10850 | D:8      | Bought 2 scrolls of teleportation for 90 gold pieces
 10850 | D:8      | Bought a scroll of magic mapping for 112 gold pieces
 11078 | D:8      | Noticed a two-headed ogre
 11087 | D:8      | Killed a two-headed ogre
 11088 | D:8      | Reached XP level 11. HP: 36/87 MP: 0/0
 11088 | D:8      | Learned a level 5 spell: Fireball
 11366 | D:8      | Reached * piety under Ashenzari
 11366 | D:8      | Identified a scroll of acquirement
 12914 | D:9      | Noticed Harold
 12932 | D:9      | Killed Harold
 13179 | D:9      | Noticed liarliar's ghost (novice MiFi)
 13180 | D:9      | Found a runed translucent gate.
 13180 | D:9      | Found a runed translucent gate.
 13182 | D:9      | Found a runed translucent gate.
 13477 | D:10     | Entered Level 10 of the Dungeon
 13685 | D:10     | Noticed a cyclops
 13701 | D:10     | Killed a cyclops
 14238 | D:10     | Found a shadowy altar of Dithmenos.
 14355 | D:10     | Acquired a manual of Stealth
 14624 | D:10     | Found a staircase to the Orcish Mines.
 14672 | D:10     | Reached skill level 1 in Stealth
 15052 | D:10     | Noticed Nergalle
 15455 | D:11     | Killed Nergalle
 15745 | D:11     | Found a staircase to the Lair.
 15772 | D:11     | Noticed a red ugly thing
 15788 | D:11     | Noticed a cyclops
 15791 | D:11     | Noticed a boulder beetle
 15791 | D:11     | Noticed a centaur warrior
 15904 | D:11     | Reached ** piety under Ashenzari
 15994 | D:11     | Reached XP level 12. HP: 87/101 MP: 0/0
 16129 | D:11     | Reached skill level 10 in Spellcasting
 16325 | D:11     | Identified the +0 ring mail of the Valley of Death {Harm
                  | rC+ Regen+}
 17394 | D:12     | Noticed a boulder beetle
 17895 | D:12     | Reached skill level 5 in Stealth
 18362 | D:13     | Noticed a vault guard
 18362 | D:13     | Noticed a five-headed hydra
 18450 | Lair:1   | Entered Level 1 of the Lair of Beasts
 18801 | Lair:1   | Reached XP level 13. HP: 22/105 MP: 0/0
 18801 | Lair:1   | Learned a level 5 spell: Agony
 18813 | Lair:1   | Identified the cursed +0 helmet of the Cryptic Pleiades
                  | {Melee, Self}
 18813 | Lair:1   | Identified the cursed +2 pair of gloves of the Ensconced
                  | Portent {hurl, Evo, Self} (You found it on level 6 of the
                  | Dungeon)
 19094 | Lair:1   | Found a snail-covered altar of Cheibriados.
 19969 | Lair:2   | Found a hole to the Spider Nest.
 20855 | Lair:3   | Noticed Fannar
 21167 | Lair:3   | Noticed a six-headed hydra
 21171 | Lair:3   | Killed a six-headed hydra
 21187 | Lair:3   | Reached skill level 1 in Armour
 21221 | Lair:3   | Found a staircase to the Shoals.
 21455 | Lair:3   | Identified the +11 dagger "Umoemar" {holy, rF+ rN+ Int+5
                  | Dex-4}
 21880 | Lair:3   | Killed Fannar
 21985 | Lair:4   | Reached XP level 14. HP: 110/116 MP: 0/0
 22101 | Lair:4   | Noticed Sonja
 22104 | Lair:4   | Killed Sonja
 22984 | Lair:5   | Entered Level 5 of the Lair of Beasts
 22987 | Lair:5   | Reached skill level 10 in Stealth
 23017 | Lair:5   | Reached skill level 5 in Shields
 23154 | Lair:5   | Reached skill level 1 in Evocations
 23418 | Lair:5   | Reached skill level 5 in Dodging
 23826 | Lair:5   | Noticed a dire elephant
 23841 | Lair:5   | Killed a dire elephant
 24189 | Lair:5   | Identified the +1 plate armour of Free Will {Regen+}
 24361 | Lair:5   | Found a viscous altar of Jiyva.
 24363 | Lair:5   | Found a staircase to the Slime Pits.
 24675 | D:13     | Reached XP level 15. HP: 109/122 MP: 0/0
 24675 | D:13     | Learned a level 6 spell: Death Channel
 25028 | D:13     | Found a gate to the Vaults.
 25143 | D:10     | Reached *** piety under Ashenzari
 25321 | Orc:1    | Entered Level 1 of the Orcish Mines
 25321 | Orc:1    | Noticed Josephine
 25326 | D:10     | Killed Josephine
 25529 | Orc:1    | Noticed Maurice
 25532 | Orc:1    | Killed Maurice
 25882 | Orc:2    | Entered Level 2 of the Orcish Mines
 25907 | Orc:2    | Found Ojahept's Firing Range.
 25917 | Orc:2    | Bought a throwing net for 45 gold pieces
 26146 | Orc:2    | Found Fyosiul's Book Shoppe.
 26374 | Orc:2    | Found a staircase to the Elven Halls.
 26384 | Orc:2    | Noticed an orc warlord
 26403 | Orc:2    | Killed an orc warlord
 26442 | Orc:2    | Found Imuoqiox's Antique Armour Emporium.
 26446 | Orc:2    | Found Rotzenki's Antique Weapon Shoppe.
 26458 | Orc:2    | Bought a crude scale mail for 279 gold pieces
 26458 | Orc:2    | Identified the +0 scale mail of the Thunderstorm {rC+
                  | Slay+3} (You bought it in a shop on level 2 of the Orcish
                  | Mines)
 26737 | Orc:2    | Found Visaojit's Antique Armour Boutique.
 26985 | Orc:2    | Found Lugaxky's Distillery.
 26990 | Orc:2    | Bought 2 potions of resistance for 300 gold pieces
 26990 | Orc:2    | Bought a potion of heal wounds for 75 gold pieces
 26990 | Orc:2    | Bought 2 potions of curing for 90 gold pieces
 26990 | Orc:2    | Bought a potion of curing for 45 gold pieces
 27383 | D:11     | Found a runed translucent door.
 27393 | D:11     | Found a runed translucent door.
 27559 | D:11     | Found a runed translucent door.
 27560 | D:11     | Found a runed translucent door.
 27561 | D:11     | Found a runed translucent door.
 28286 | D:14     | Reached skill level 5 in Evocations
 28402 | D:14     | Reached **** piety under Ashenzari
 28877 | D:14     | Reached XP level 16. HP: 130/140 MP: 0/0
 29051 | D:14     | Identified Sif Muna's Lessons on the Commander and
                  | Contamination
 29180 | D:14     | Identified the +9 dagger "Impslayer" {freeze, *Noise Will+
                  | Dex+4 Stlth+}
 29265 | D:14     | Found the +7 captain's cutlass {speed, disarm}
 29460 | D:14     | Reached ***** piety under Ashenzari
 29480 | D:15     | Entered Level 15 of the Dungeon
 29661 | D:15     | Found Ibbinie's General Store.
 29692 | D:15     | Bought 2 scrolls of teleportation for 72 gold pieces
 29692 | D:15     | Bought a ring of protection from cold for 300 gold pieces
 29734 | D:15     | Found a staircase to the Depths.
 29734 | D:15     | Noticed a fire giant
 29849 | D:11     | Identified the ring "Leiwo Xisi" {rN+ Str+7}
 29963 | Shoals:1 | Entered Level 1 of the Shoals
 29969 | Shoals:1 | Reached skill level 1 in Short Blades
 29975 | Shoals:1 | Reached skill level 15 in Fighting
 30118 | Shoals:1 | Found a hide-covered altar of Uskayaw.
 30150 | Shoals:1 | Acquired 751 gold pieces
 30215 | Shoals:1 | Found Erphibaci's Armour Shop.
 30788 | Shoals:1 | Found a runed translucent door.
 30844 | Shoals:1 | Noticed ytrimaz's ghost (adept FoFi)
 30859 | Shoals:2 | Noticed Louise
 30863 | Shoals:2 | Killed Louise
 31422 | Shoals:2 | Noticed a kraken
 31428 | Shoals:2 | Killed a kraken
 31735 | Shoals:3 | Reached XP level 17. HP: 125/146 MP: 0/0
 31735 | Shoals:3 | Learned a level 6 spell: Simulacrum
 32627 | Shoals:4 | Entered Level 4 of the Shoals
 32790 | Shoals:4 | Noticed Kirke
 32895 | Shoals:3 | Identified the cursed +0 kite shield of the Shackled
                  | Malaise {Fort, Self} (You found it on level 6 of the
                  | Dungeon)
 32895 | Shoals:3 | Identified the cursed ring of Ashenzari's Adversity {EV+4,
                  | Self, Range} (You found it on level 2 of the Lair of
                  | Beasts)
 33029 | Shoals:3 | Killed Kirke
 33218 | Shoals:4 | Found a runed translucent door.
 33221 | Shoals:4 | Identified the ring "Nonecog" {*Slow rPois rN++ rCorr
                  | Dex+3}
 33277 | Shoals:4 | Noticed p00ps00p's ghost (adept HOFi)
 33311 | Shoals:4 | Reached skill level 15 in Spellcasting
 33446 | Shoals:4 | Got a barnacled rune of Zot
 33514 | Shoals:4 | Identified the ring of Enumyrul {Fly rPois rF+ Will+++
                  | Str-5 Int+3}
 33535 | Shoals:4 | Reached skill level 5 in Armour
 33651 | Shoals:4 | Reached XP level 18. HP: 131/155 MP: 0/0
 33789 | Shoals:4 | Reached skill level 5 in Short Blades
 34324 | Spider:1 | Entered Level 1 of the Spider Nest
 34655 | Vaults:1 | Entered Level 1 of the Vaults
 34668 | Vaults:1 | Reached skill level 10 in Dodging
 34691 | Vaults:1 | Mangled by a dire elephant

Illustrated notes

Levels and vault maps discovered:
D:1:      psy_arrival_terrarium, layout_basic,
          hellmonk_ecumenical_altar_crossroads
D:2:      layout_rooms, minmay_pentomino_r4
D:3:      layout_basic
D:4:      layout_rooms, temple_hall, ebering_ghost_reflecting_pool,
          minivault_25, hangedman_abyss_or_decor_stabs, minmay_surrounded,
          uniq_eustachio
D:5:      layout_rooms
D:6:      layout_basic, mainiacjoe_overflow_swirl, serial_shops,
          nicolae_shop_window_shopping, guppyfry_shop_venom, uniq_maggie,
          uniq_crazy_yiuf_cottage
D:7:      kennysheep_big_flooded_room, layout_basic, led_xom_imps,
          nicolae_ru_awakened_eye, uniq_prince_ribbit1
D:8:      layout_rooms, fedhas_ov_isle_minmay, serial_shops,
          nicolae_diamond_shop, serial_ice, serial_ice_o, serial_ice_e,
          serial_ice_n, serial_ice_l, grunt_potential
D:9:      layout_rooms, serial_co_window_serial, co_window_of_opportunity_a,
          co_window_of_opportunity_a, co_window_corner_a, co_window_paths_a,
          co_window_corner_a, co_window_paths_b, co_window_paths_a,
          co_window_broadway_c, co_window_broadway_a, co_window_corner_b,
          co_window_broadway_b, co_window_broadway_b,
          co_window_of_opportunity_c, co_window_of_opportunity_c,
          co_window_4corner_a, glass_columns_a, glass_columns_a,
          glass_columns_a, gammafunk_ghost_nasty_kobolds, uniq_harold
D:10:     layout_rooms, mainiacjoe_overflow_brackets, zombieorc1_lemuel,
          minmay_sticks_and_stones, uniq_nergalle
D:11:     minmay_the_grid_triangle_9x9_recursive_3
          [minmay_the_grid_triangle_9x9_fully_insulated_deathbox,
          minmay_the_grid_triangle_9x9_wacky_v,
          minmay_the_grid_triangle_9x9_zippers_horizontal,
          minmay_the_grid_triangle_9x9_prize_special,
          minmay_the_grid_triangle_9x9_swiss_cheese,
          minmay_the_grid_triangle_9x9_thin_v,
          minmay_the_grid_triangle_9x9_tough_junction,
          minmay_the_grid_triangle_9x9_steps,
          minmay_the_grid_triangle_9x9_sparse_checkered], layout_rooms
D:12:     minmay_slanted_spiral_squares, layout_irregular_city
D:13:     layout_roguey, david_vaults_4
D:14:     minmay_tri_box, layout_irregular_city, solitary_fountain
D:15:     grunt_enter_depths_giant_problem, layout_rooms, serial_shops, shop,
          shop, shop_coins
Lair:1:   layout_long_grid, chequers_serial_rivers_small_a,
          kennysheep_snail_temple
Lair:2:   layout_layer_cave, nicolae_spider_entry_tight_spaces
Lair:3:   layout_gridlike, minmay_shoals_entry_beasts,
          cheibrodos_lair_reptile_den, uniq_fannar
Lair:4:   layout_cave_pods, grunt_megastairs_2, uniq_sonja
Lair:5:   grunt_lair_end_beastmaster, layout_cellular_growth,
          minmay_slime_entry_oklob_enclosed, minivault_11
Shoals:1: layout_shoals, ebering_ghost_reflecting_pool, serial_shops,
          nicolae_shop_crystal, regret_index_shoals_crete
Shoals:2: layout_shoals, uniq_polyphemus, uniq_louise
Shoals:3: layout_shoals
Shoals:4: shoals_end_grunt_ice, layout_shoals, ebering_ghost_reflecting_pool,
          uniq_kirke
Spider:1: cheibrodos_spider_silkery, beargit_elvish_explorers
Orc:1:    layout_diamond_mine, uniq_maurice, uniq_josephine
Orc:2:    grunt_orc_community_town_hall, layout_diamond_mine,
          grunt_orc_community_big_house_2, grunt_orc_community_big_house_2,
          grunt_orc_community_house_1, grunt_orc_community_house_1,
          grunt_orc_community_house_2, grunt_orc_community_house_2,
          serial_shops, nicolae_shop_crystal, nicolae_shop_firing_range
Vaults:1: mu_enter_wizlab_3, v_misc_33, nicolae_vaults_three_branches,
          nicolae_vaults_little_squares_1, vaults_mumra_minichess,
          nicolae_vaults_sealed_display, vaults_room_door_hall,
          vaults_room_door_ring, layout_vaults_chaotic_city

Skill      XL: |  1  2  3  4  5  6  7  8  9 10 11 12 13 14 15 16 17 18 |
---------------+-------------------------------------------------------+-----
Spellcasting   | 1 2 3 4 5 6 8 9 11 12 13 14 15 | 15.2
Fighting       | 3 4 5 6 7 9 10 12 13 14 15 | 15.9
Shields        | 2 4 5 7 8 |  8.1
Stealth        | 2 7 9 10 12 13 | 13.3
Armour         | 1 3 5 |  5.4
Dodging        | 5 7 8 9 10 | 10.0
Evocations     | 3 5 6 7 8 |  8.1
Short Blades   | 3 4 5 |  5.2
Long Blades    | |  2.9
Throwing       | |  1.5

Action                   |  1- 3 |  4- 6 |  7- 9 | 10-12 | 13-15 | 16-18 || total
-------------------------+-------+-------+-------+-------+-------+-------++-------
Melee: Long sword        |    40 |       |       |       |       |       ||    40
       Dagger            |    41 |   105 |   104 |   143 |    54 |     1 ||   448
       Punch             |     1 |       |       |       |       |       ||     1
       Short sword       |       |       |    30 |   133 |     9 |       ||   172
Throw: Throwing net      |     3 |       |     2 |     2 |       |       ||     7
       Dart              |       |       |       |     2 |     3 |       ||     5
 Cast: Foxfire           |     8 |    62 |   237 |   335 |       |       ||   642
       Hailstorm         |       |       |     4 |    25 |     5 |     3 ||    37
       Static Discharge  |       |       |       |    12 |     2 |       ||    14
       Ensorcelled Hiber |       |       |       |     3 |     1 |       ||     4
       Fireball          |       |       |       |   115 |   493 |   365 ||   973
       Agony             |       |       |       |       |     2 |       ||     2
       Death Channel     |       |       |       |       |     3 |       ||     3
Invok: Curse Item        |       |       |       |     3 |     3 |     1 ||     7
       Shatter the Chain |       |       |       |       |       |     1 ||     1
Evoke: Wand              |       |       |       |     1 |     1 |       ||     2
  Use: Scroll            |       |       |    11 |    10 |     2 |     1 ||    24
       Potion            |       |       |     1 |     6 |       |       ||     7
 Stab: Held in net/web   |     1 |       |       |       |       |       ||     1
       Distracted        |       |       |     1 |     1 |       |       ||     2
       Sleeping          |       |       |       |     2 |     1 |       ||     3
Armor: Leather armour    |    25 |    20 |    38 |    82 |       |       ||   165
       Ring mail         |       |       |       |    18 |    38 |    33 ||    89
       Skin              |       |       |       |     6 |       |       ||     6
Dodge: Dodged            |    58 |    62 |    86 |   140 |    65 |    75 ||   486
Block: Kite shield       |       |       |    37 |   162 |    73 |    52 ||   324

Table legend: (Time is in decaauts)
 A = Elapsed time spent in this place.
 B = Non-inter-level travel time spent in this place.
 C = Inter-level travel time spent in this place.
 D = Time resting spent in this place.
 E = Time spent auto-exploring this place.
 F = Levels seen in this place.
 G = Mean time per level.
                   A        B        C        D        E       F      G
               +--------+--------+--------+--------+--------+-----+--------+
         Total |  34748 |  32496 |   2252 |   9259 |  17684 |  28 | 1241.0 |
       Dungeon |  22148 |  20839 |   1309 |   7196 |  10057 |  15 | 1476.5 |
          Lair |   6586 |   6009 |    577 |   1134 |   3979 |   5 | 1317.2 |
        Shoals |   4208 |   3965 |    243 |    768 |   2485 |   4 | 1052.0 |
   Spider Nest |      5 |      5 |      0 |      0 |      0 |   1 |    5.0 |
  Orcish Mines |   1779 |   1658 |    121 |    159 |   1163 |   2 |  889.5 |
        Vaults |     20 |     20 |      0 |      2 |      0 |   1 |   20.0 |
               +--------+--------+--------+--------+--------+-----+--------+

Top non-repeatable levels by time:
     D:6: 2629 daAuts
    D:10: 2094 daAuts
     D:8: 2073 daAuts
    D:11: 2072 daAuts
     D:7: 2050 daAuts
     D:9: 1926 daAuts
    D:12: 1669 daAuts
  Lair:2: 1655 daAuts
  Lair:5: 1304 daAuts
  Lair:1: 1292 daAuts
    D:14: 1282 daAuts
    D:13: 1230 daAuts
     D:5: 1217 daAuts
  Lair:4: 1184 daAuts
     D:1: 1183 daAuts
